Construct Weapon Support Center
Selects Special Operations Battlegroup
Selects M29 Weasel with M1 Pack Howitzer
M29 Weasel with M1 Pack Howitzer
M3 Armored Personnel Carrier
M29 Weasel with M1 Pack Howitzer
Selects P-47 Anti-Infantry Loiter
Selects UNKNOWN (2162291)
M18 Hellcat Tank Destroyer
Selects SSF Commando Squad
M18 Hellcat Tank Destroyer
M18 Hellcat Tank Destroyer
Selects Assault Operation
Construct Medical Station